 Dungeon Crawl Stone Soup version 0.17-a0-1830-g81820eb (webtiles) character file.

132 luca467 the Skirmisher (level 5, 1/55 HPs)
             Began as an Octopode Fighter on Sept 13, 2015.
             Quit the game on level 3 of the Dungeon.
             The game lasted 00:08:38 (1660 turns).

luca467 the Skirmisher (Octopode Fighter)           Turns: 1660, Time: 00:08:38

Health: 1/55       AC: 22    Str: 15      XL:     5   Next: 15%
Magic:  5/5        EV:  2    Int:  9 (11) God:
Gold:   171        SH:  8    Dex: 12      Spells: 0 memorised, 4 levels left

rFire  . . .     SeeInvis .     a - +0 rapier
rCold  . . .     Clarity  .     b - +0 shield
rNeg   + + +     SustAt   +     (helmet currently unavailable)
rPois  +         Gourm    .     (no amulet)
rElec  .         Spirit   .     (no ring)
rCorr  .         Warding  .     p - ring of sustain attributes
rMut   .         NoTele   +     (no ring)
MR     .....                    (no ring)
Stlth  ++........               (no ring)
                                (no ring)
                                (no ring)
                                (no ring)

@: lethally poisoned (1 -> -5), tree-form, not resistant to hostile
enchantments, unstealthy
A: almost no armour, amphibious, 8 rings, (constrict 8), (camouflage 0),
(gelatinous body 0)
a: no special abilities


You were on level 3 of the Dungeon.
You were not hungry.
You were a tree.
You visited 1 branch of the dungeon, and saw 3 of its levels.

You collected 171 gold pieces.

Inventory:

Hand weapons
 a - a +0 rapier (weapon)
Missiles
 l - 2 throwing nets (quivered)
Armour
 b - a +0 shield (worn)
Jewellery
 m - an uncursed ring of ice
 p - a ring of sustain attributes (right branch)
Scrolls
 g - 3 scrolls of enchant armour {unknown}
 n - a scroll of remove curse {unknown}
Potions
 c - a potion of might
Books
 e - a book of Air

   Spells                             Type                      Level
   a - Shock                          Conjuration/Air              1
   b - Swiftness                      Charms/Air                   2
   c - Repel Missiles                 Charms/Air                   2
   d - Static Discharge               Conjuration/Air              3
   e - Lightning Bolt                 Conjuration/Air              5
Comestibles
 d - a bread ration
 f - 2 fruits
 i - a slice of pizza
 k - a meat ration


   Skills:
 * Level 4.2 Fighting
 * Level 3.8 Short Blades
 - Level 3.0 Dodging
 - Level 2.0 Stealth
 - Level 3.0 Shields


You had 4 spell levels left.
You didn't know any spells.

Dungeon Overview and Level Annotations

Branches:
Dungeon (3/15)

Altars:
Okawaru


Innate Abilities, Weirdness & Mutations

You cannot wear most types of armour.
You are amphibious.
You can wear up to eight rings at the same time.
((You can use your tentacles to constrict eight enemies at once.))
((Your skin changes colour to match your surroundings (Stealth).))
((Your rubbery body absorbs attacks (AC +1).))


Message History

You feel somewhat dopey.
* * * LOW HITPOINT WARNING * * *
You feel sick. The orc hits you but does no damage.
You barely miss the orc.
* * * LOW HITPOINT WARNING * * *
You feel sick. The orc hits you but does no damage.
The orc hits you but does no damage.
You hit the orc.
The orc is heavily wounded.
* * * LOW HITPOINT WARNING * * *
You feel sick. You block the orc's attack.
You barely miss the orc.
The orc is heavily wounded.
* * * LOW HITPOINT WARNING * * *
You feel sick. The orc hits you but does no damage.
You hit the orc.
The orc is severely wounded.
* * * LOW HITPOINT WARNING * * *
You feel sick. You block the orc's attack.
Are you sure you want to abandon this character and quit the game? (Confirm with "yes".)

###. #.. #########
###.#### #.......#
#......### #.#####.#
#.#...... #
##.#####.###.#)##.##.#
...##.....>...........
##.##.##.###.#.##o##.#
##.##.##.###.#..♣)?..#
.#................####
......###.#########
##.#### #.#
...######.####### .
#...............### ..
#.....†...........#####...
#.......#.....#...........
#.......#.................


You could see an orc.

Vanquished Creatures
  An orc wizard (D:3)
  An orc priest (D:3)
  2 adders
  4 worms
  2 giant geckos
  2 orcs (D:3)
  4 giant cockroaches
  6 goblins
  3 hobgoblins
  A quokka (D:2)
  A ball python (D:2)
  3 bats
  5 giant newts
  5 kobolds
  5 rats
45 creatures vanquished.

Vanquished Creatures (others)
  A kobold (D:1)
1 creature vanquished.

Grand Total: 46 creatures vanquished

Notes
Turn   | Place    | Note
--------------------------------------------------------------
     0 | D:1      | luca467 the Octopode Fighter began the quest for the Orb.
     0 | D:1      | Reached XP level 1. HP: 16/16 MP: 1/1
   125 | D:1      | Reached skill level 1 in Stealth
   222 | D:1      | Reached XP level 2. HP: 19/21 MP: 2/2
   757 | D:2      | Reached XP level 3. HP: 26/26 MP: 3/3
   921 | D:2      | Found an iron altar of Okawaru.
  1275 | D:3      | Reached XP level 4. HP: 29/32 MP: 4/4
  1645 | D:3      | Reached skill level 4 in Fighting
  1652 | D:3      | Reached XP level 5. HP: 10/37 MP: 5/5
  1658 | D:3      | HP: 2/55 [poisoned by an orc]
  1660 | D:3      | Quit the game

Vault maps used:
D:1:      dpeg_arrival_rooms_with_view, lemuel_old_faithful
D:2:      lemuel_upstairs_altar, old_standard_altar

Action                   |  1- 3 |  4- 6 || total
-------------------------+-------+-------++-------
Melee: Rapier            |    74 |    25 ||    99
  Use: Scroll            |     3 |       ||     3
       Potion            |       |     3 ||     3
 Stab: Sleeping          |    12 |       ||    12
  Eat: Chunk             |     1 |     1 ||     2
